 Dungeon Crawl Stone Soup version 0.29.0-4-gdea44cf6ec (webtiles) character file.

Game seed: 15728941766678520926

112 qw the Chopper (level 4, -5/26 HPs)
             Began as a Tengu Warper on Aug 28, 2022.
             Killed by divine providence
             ... invoked by an orc priest
              (11 damage)
             ... on level 3 of the Dungeon.
             The game lasted 00:00:18 (3462 turns).

qw the Chopper (Tengu Warper)                       Turns: 3462, Time: 00:00:19

Health: -5/26      AC: 10    Str: 14    XL:     4   Next: 95%
Magic:  8/8        EV:  0    Int: 13    God:
Gold:   129        SH: 12    Dex: 13    Spells: 7/7 levels left

rFire   . . .      SeeInvis +   Y - +3 hand axe
rCold   . . .      Faith    .   c - +1 tower shield "Teviotip" {SInv Stlth+}
rNeg    . . .      Spirit   .   e - +0 plate armour
rPois   .          Reflect  .   (helmet restricted)
rElec   .          Harm     .   (no cloak)
rCorr   .          Rampage  .   (no gloves)
Will    .....                   (boots unavailable)
Stlth   ..........              (no amulet)
HPRegen 0.08/turn               (no ring)
MPRegen 0.11/turn               (no ring)

@: no status effects
A: beak, talons 3
a: no special abilities


You were on level 3 of the Dungeon.
You visited 1 branch of the dungeon, and saw 3 of its levels.

You collected 129 gold pieces.


Innate Abilities, Weirdness & Mutations

You have a beak for a mouth.
You have claws for feet.


   Skills:
 - Level 2.0 Fighting
 - Level 4.4 Axes
 - Level 1.0 Throwing
 - Level 2.0 Armour
 - Level 2.1 Dodging
 + Level 2.0 Shields
 - Level 2.0 Spellcasting
 - Level 2.4 Translocations


You had 7 spell levels left.
You didn't know any spells.
Your spell library contained the following spells:

 Spells                   Type           Power      Damage    Failure   Level
 Blink                    Tloc           14%        N/A       100%        2
 Gell's Gravitas          Tloc           7%         N/A       100%        3
 Lesser Beckoning         Tloc           7%         N/A       100%        3
 Teleport Other           Tloc           7%         N/A       100%        3
 Manifold Assault         Tloc           7%         N/A       100%        5

Inventory:

Hand Weapons
 h - a +0 whip
 Y - a +3 hand axe (weapon)
Armour
 c - the +1 tower shield "Teviotip" (worn) {SInv Stlth+}
   (You found it on level 2 of the Dungeon)

   SInv:      It lets you see invisible.
   Stlth:     It makes you more stealthy.
 e - a +0 plate armour (worn)
Scrolls
 a - 3 scrolls of identify
Potions
 b - 2 potions of curing
 d - 2 potions of resistance {unknown}
 g - a potion of degeneration {unknown}

Dungeon Overview and Level Annotations

Branches:
Dungeon (3/15)

Altars:


Message History

You block the goblin's attack.
You barely miss the goblin. You claw the goblin.
You kill the goblin!
You start resting.
HP restored.
You now have 129 gold pieces (gained 15).
You open the door.
An orc priest and 2 orcs come into view.
An orc is wielding a +2 flail of protection.
The orc priest shouts!
The orc shouts! x2
Found 44 gold pieces.
Found a roughly hewn altar of Beogh.
Enter note:
There is an open door here.
You hit the orc. You claw the orc. You peck the orc.
You kill the orc!
The orc priest calls down the wrath of Beogh upon you.
Beogh smites you!
Your Shields skill increases to level 2!
You block the orc's attack.
Things that are here:
a +2 flail of protection; an orc corpse You slash the orc!
You kill the orc!
You block the orc priest's attack.
You closely miss the orc priest. Your kick misses the orc priest.
The orc priest hits you but does no damage.
You hit the orc priest. You peck the orc priest.
The orc priest is moderately wounded.
The orc priest hits you but does no damage.
The orc priest hits you with a +0 hand axe.
You hit the orc priest. Your kick misses the orc priest.
The orc priest is heavily wounded.
The orc priest mumbles some strange prayers to Beogh against you.
Pain shoots through your body!
You hit the orc priest.
The orc priest is heavily wounded.
You block the orc priest's attack.
The orc priest mumbles some strange prayers to Beogh against you.
Beogh smites you!
You die...

#.#.# #.##.# #.#.#
#.##.# ..#.# #.##># #.#
######### #.##.#
#.###$_.##..# #.#...
#.##.8.8$##.######..###
#.##$$$..##.........# #
#.##.8o8.#########..###
#.###.@.# #.....
#..###'## ##########..
#......# #.....# #.#
#.###### #.....####.#
#.# #..........# #.#
#....)###### #.#
#.....# #
#.############.### #
#.............<# #


You could see an orc priest.

Vanquished Creatures
  2 adders
  A shadow imp (D:3)
  2 worms
  A dart slug (D:3)
  3 orcs (D:3)
  6 ball pythons
  4 endoplasms
  3 giant cockroaches
  10 goblins
  6 hobgoblins
  8 jackals (D:2)
  3 quokkas (D:1)
  7 bats
  5 frilled lizards
  2 kobolds (D:1)
  5 rats
68 creatures vanquished.

Notes
Turn   | Place    | Note
-------+----------+-------------------------------------------
     0 | D:1      | qw the Tengu Warper began the quest for the Orb.
     0 | D:1      | Reached XP level 1. HP: 12/12 MP: 4/4
     0 | D:1      | 0 ||| qw: Version: 0.1-a-89-g26bdef1
     0 | D:1      | 0 ||| qw: Game counter: 1583
     0 | D:1      | 0 ||| qw: Always use a shield: true
     0 | D:1      | 0 ||| qw: God list: Okawaru
     0 | D:1      | 0 ||| qw: Allow faded altars: false
     0 | D:1      | 0 ||| qw: Do Orc after D:15 true
     0 | D:1      | 0 ||| qw: Do second Lair branch before Depths: true
     0 | D:1      | 0 ||| qw: Lair rune preference: random
     0 | D:1      | 0 ||| qw: Plans: Normal
     0 | D:1      | 0 ||| PLANNING D:1-11
   457 | D:1      | Reached skill level 3 in Axes
   457 | D:1      | Reached XP level 2. HP: 16/17 MP: 6/6
   519 | D:1      | 519 ||| Stepping ~*~*~tactically~*~*~ (stealth).
   522 | D:1      | 522 ||| Stepping ~*~*~tactically~*~*~ (stealth).
   533 | D:1      | 533 ||| Stepping ~*~*~tactically~*~*~ (stealth).
  1179 | D:1      | Reached XP level 3. HP: 20/21 MP: 7/7
  1397 | D:1      | 1397 ||| UPGRADING to +0 plate armour.
  1407 | D:1      | 1407 ||| DROPPING +0 leather armour.
  1408 | D:1      | 1408 ||| READING 5 scrolls labelled PARETUESTO.
  1409 | D:1      | 1409 ||| READING scroll labelled BOPTOARYEHO.
  1410 | D:1      | 1410 ||| READING 2 scrolls labelled IHULUME UPLETS.
  1411 | D:1      | 1411 ||| READING scroll of enchant weapon.
  1411 | D:1      | 1411 ||| ENCHANTING +1 hand axe.
  1412 | D:1      | 1412 ||| READING scroll labelled ODOOZIBO PIENT.
  1530 | D:1      | 1530 ||| READING scroll labelled AMPETZERHE.
  1531 | D:1      | 1531 ||| DRINKING 3 silvery potions.
  1532 | D:1      | 1532 ||| DROPPING scroll of blinking.
  1533 | D:1      | 1533 ||| DROPPING 2 potions of attraction.
  1559 | D:2      | 1559 ||| Stepping ~*~*~tactically~*~*~ (stealth).
  1560 | D:2      | 1560 ||| Stepping ~*~*~tactically~*~*~ (stealth).
  1593 | D:2      | 1593 ||| READING scroll of enchant weapon.
  1593 | D:2      | 1593 ||| ENCHANTING +2 hand axe.
  1637 | D:2      | Reached skill level 4 in Axes
  1754 | D:2      | Identified the +1 tower shield "Teviotip" {SInv Stlth+}
  1836 | D:2      | Reached XP level 4. HP: 26/26 MP: 8/8
  1936 | D:2      | 1936 ||| Stepping ~*~*~tactically~*~*~ (stealth).
  2119 | D:2      | 2119 ||| FLEEEEING.
  2120 | D:2      | 2120 ||| FLEEEEING.
  2121 | D:2      | 2121 ||| FLEEEEING.
  2122 | D:2      | 2122 ||| FLEEEEING.
  2123 | D:2      | 2123 ||| FLEEEEING.
  2359 | D:2      | 2359 ||| UPGRADING to +1 tower shield "Teviotip" {SInv
                  | Stlth+}.
  2364 | D:2      | 2364 ||| READING scroll labelled FINTINI EBLAB.
  2369 | D:2      | 2369 ||| READING scroll labelled MOAKLUL ESIU.
  2370 | D:2      | 2370 ||| READING 5 scrolls of identify.
  2370 | D:2      | 2370 ||| IDENTIFYING viscous white potion
  2371 | D:2      | 2371 ||| READING 4 scrolls of identify.
  2371 | D:2      | 2371 ||| IDENTIFYING bubbling green potion
  2372 | D:2      | 2372 ||| DROPPING potion of brilliance.
  2373 | D:2      | 2373 ||| Stepping randomly (stuck).
  2374 | D:2      | 2374 ||| Stepping ~*~*~tactically~*~*~ (cloud).
  2380 | D:2      | HP: 6/26 [poisoned by you (poison gas)]
  2734 | D:3      | 2734 ||| Stepping ~*~*~tactically~*~*~ (stealth).
  2841 | D:3      | 2841 ||| DROPPING +0 club.
  2866 | D:3      | Reached skill level 1 in Shields
  2873 | D:3      | 2873 ||| Stepping ~*~*~tactically~*~*~ (stealth).
  2878 | D:3      | 2878 ||| Stepping ~*~*~tactically~*~*~ (stealth).
  2896 | D:3      | 2896 ||| Stepping ~*~*~tactically~*~*~ (stealth).
  2989 | D:3      | Found a faded altar of an unknown god.
  3461 | D:3      | HP: 6/26 [orc priest/nerve-wracking pain (9)]
  3462 | D:3      | Killed from afar by an orc priest

Levels and vault maps discovered:
D:1:      saegor_arrival_under_anarchy, layout_basic, minmay_quantized
D:2:      layout_basic, st_stairs_9
D:3:      layout_loops_ring, shapermc_ecumenical_altar_totnotflames,
          kennysheep_orc_chapel

Skill      XL: |  1  2  3  4 |
---------------+-------------+-----
Axes           | 3 4 |  4.4
Armour         | 2 |  2.0
Shields        | 2 |  2.0
Fighting       | |  2.0
Throwing       | |  1.0
Dodging        | |  2.1
Spellcasting   | |  2.0
Translocations | |  2.4

Action                   |  1- 3 |  4- 6 || total
-------------------------+-------+-------++-------
Melee: Hand axe          |    93 |    70 ||   163
       Kick              |    13 |    16 ||    29
       Peck              |     7 |     7 ||    14
       Punch             |     1 |     1 ||     2
Throw: Boomerang         |     7 |       ||     7
  Use: Scroll            |     7 |     4 ||    11
       Potion            |     1 |       ||     1
Armor: Leather armour    |     9 |       ||     9
       Plate armour      |    30 |    44 ||    74
Dodge: Dodged            |    27 |     7 ||    34
Block: Tower shield      |       |    25 ||    25

Table legend:
 A = Non-vault XP
 B = Vault XP
 C = Vault XP percentage of total XP
 D = Non-vault monster count
 E = Vault monster count
 F = Vault count percentage of total count
                 A         B        C        D         E       F
            +---------+---------+-------+---------+---------+-------
      Total |     140 |      21 |  13.0 |      59 |       9 |  13.2
            +---------+---------+-------+---------+---------+-------
        D:1 |      29 |       7 |  19.4 |      19 |       4 |  17.4
        D:2 |      54 |       8 |  12.9 |      23 |       3 |  11.5
        D:3 |      57 |       6 |   9.5 |      17 |       2 |  10.5
            +---------+---------+-------+---------+---------+-------
